 Dungeon Crawl Stone Soup version 0.28-a0-1395-g4f6bc678fa (webtiles) character file.

Game seed: 14406823001141772801

26 Deminshera the Vexing (level 2, 0/16 HPs)
             Began as a Deep Elf Arcane Marksman on Jan 4, 2022.
             Slain by a jackal (3 damage)
             ... on level 1 of the Dungeon.
             The game lasted 00:01:21 (1047 turns).

Deminshera the Vexing (Deep Elf Arcane Marksman)    Turns: 1047, Time: 00:01:22

Health: 0/16       AC:  2    Str:  7    XL:     2   Next: 89%
Magic:  6/7        EV: 13    Int: 17    God:
Gold:   19         SH:  0    Dex: 15    Spells: 4/5 levels left

rFire   . . .      SeeInvis .   a - +0 shortbow
rCold   . . .      Faith    .   (shield currently unavailable)
rNeg    . . .      Spirit   .   d - +0 robe
rPois   .          Reflect  .   (no helmet)
rElec   .          Harm     .   (no cloak)
rCorr   .          Rampage  .   (no gloves)
Will    .....                   (no boots)
Stlth   +.........              (no amulet)
HPRegen 0.05/turn               (no ring)
MPRegen 0.10/turn               (no ring)

@: no status effects
A: no striking features
a: no special abilities


You were on level 1 of the Dungeon.
You visited 1 branch of the dungeon, and saw 1 of its levels.

You collected 19 gold pieces.

Inventory:

Hand Weapons
 a - a +0 shortbow (weapon)
Missiles
 c - 9 arrows (quivered ammo)
Armour
 d - a +0 robe (worn)
Scrolls
 b - 2 scrolls of fog {unknown}
 f - a scroll of teleportation {unknown}
Potions
 e - a potion of mutation {unknown}


   Skills:
 + Level 1.2 Fighting
 + Level 3.2 Bows
 + Level 2.9 Dodging
 - Level 2.0 Spellcasting
 + Level 4.4 Hexes


You had 4 spell levels left.
You knew the following spells:

 Your Spells              Type           Power      Damage    Failure   Level
a - Slow                  Hex            64%        N/A       3%          1

Your spell library contained the following spells:

 Spells                   Type           Power      Damage    Failure   Level
 Inner Flame              Hex/Fire       9%         N/A       24%         3
 Portal Projectile        Hex/Tloc       18%        N/A       24%         3
 Cause Fear               Hex            8%         N/A       32%         4


Dungeon Overview and Level Annotations

Branches:
Dungeon (1/15)

Altars:


Message History

Fire: 15 arrows
Press: ? - help, Q - select action, (/) - cycle Shift-Dir - straight line, f/p - jackal
Aim: a jackal (heavily wounded, 51% to hit)
You shoot an arrow. The arrow hits the jackal.
You kill the jackal!
The jackal barely misses you.
Fire: 14 arrows
Press: ? - help, Q - select action, (/) - cycle Shift-Dir - straight line, f - jackal
Aim: a jackal (51% to hit)
You shoot an arrow. The arrow hits the jackal.
The jackal is almost dead.
The jackal bites you but does no damage.
Fire: 13 arrows
Press: ? - help, Q - select action, (/) - cycle Shift-Dir - straight line, f/p - jackal
Aim: a jackal (almost dead, 51% to hit)
You shoot an arrow. The arrow hits the jackal.
You kill the jackal!
Casting: Slow (safe; 3% risk of failure)
Confirm with . or Enter, or press ? or * to list all spells.
Aiming: Slow (safe; 3% risk of failure)
Press: ? - help, Shift-Dir - straight line, f - jackal
Aim: a jackal (chance to affect: 72%)
The jackal seems to slow down.
The jackal closely misses you.
Fire: 12 arrows
Press: ? - help, Q - select action, (/) - cycle Shift-Dir - straight line, f/p - jackal
Aim: a jackal (slow, 51% to hit)
You shoot an arrow. The arrow closely misses the jackal.
The jackal bites you.
* * * LOW HITPOINT WARNING * * *
Fire: 11 arrows
Press: ? - help, Q - select action, (/) - cycle Shift-Dir - straight line, f/p - jackal
Aim: a jackal (slow, 51% to hit)
You shoot an arrow. The arrow closely misses the jackal.
The jackal barely misses you.
Fire: 10 arrows
Press: ? - help, Q - select action, (/) - cycle Shift-Dir - straight line, f/p - jackal
Aim: a jackal (slow, 51% to hit)
You shoot an arrow. The arrow completely misses the jackal.
The jackal bites you.
You die...

##########(# #
#(# # #.# # #.# #
#h# #.#########
#.##.hh...#
#.##.####.#
#....#.@h(#
######.##########
#..........#
##########.#
#......# #.######
#.# ###


You could see a jackal (slow).

Vanquished Creatures
  A ball python (D:1)
  3 endoplasms (D:1)
  A giant cockroach (D:1)
  4 goblins (D:1)
  3 hobgoblins (D:1)
  3 jackals (D:1)
  2 bats (D:1)
  2 frilled lizards (D:1)
  A kobold (D:1)
  3 rats (D:1)
23 creatures vanquished.

Notes
Turn   | Place    | Note
-------+----------+-------------------------------------------
     0 | D:1      | Deminshera the Deep Elf Arcane Marksman began the quest for
                  | the Orb.
     0 | D:1      | Reached XP level 1. HP: 11/11 MP: 5/5
   315 | D:1      | Reached skill level 1 in Fighting
   336 | D:1      | Reached XP level 2. HP: 16/16 MP: 6/6
   883 | D:1      | Found a faded altar of an unknown god.
  1047 | D:1      | Slain by a jackal

Illustrated notes

Levels and vault maps discovered:
D:1:      evilmike_arrival_fibonacci_small, layout_basic,
          ebering_ecumenical_altar_hall

Skill      XL: |  1  2 |
---------------+-------+-----
Fighting       | 1 |  1.2
Bows           | 3 |  3.2
Spellcasting   | 2 |  2.0
Dodging        | |  2.9
Hexes          | |  4.4

Action                   || total
-------------------------++-------
 Fire: Shortbow          ||    83
 Cast: Slow              ||     2
Armor: Robe              ||     8
Dodge: Dodged            ||    32

Table legend: (Time is in decaauts)
 A = Elapsed time spent in this place.
 B = Non-inter-level travel time spent in this place.
 C = Inter-level travel time spent in this place.
 D = Time resting spent in this place.
 E = Time spent auto-exploring this place.
 F = Levels seen in this place.
 G = Mean time per level.
                   A        B        C        D        E       F      G
               +--------+--------+--------+--------+--------+-----+--------+
         Total |   1059 |   1059 |      0 |    411 |    473 |   1 | 1059.0 |
       Dungeon |   1059 |   1059 |      0 |    411 |    473 |   1 | 1059.0 |
               +--------+--------+--------+--------+--------+-----+--------+

Top non-repeatable levels by time:
     D:1: 1059 daAuts
